 Dungeon Crawl Stone Soup version 0.22.0-18-ge075c0d (webtiles) character file.

5105 Loudmushroom the Cleaver (level 10, 0/91 HPs)
             Began as a Minotaur Fighter on Aug 17, 2018.
             Was a Priest of Okawaru.
             Slain by an orc warrior
             ... wielding a +0 trident
              (15 damage)
             ... on level 9 of the Dungeon on Aug 18, 2018.
             The game lasted 00:54:46 (9386 turns).

Loudmushroom the Cleaver (Minotaur Fighter)         Turns: 9386, Time: 00:54:46

Health: 0/91       AC: 16    Str: 22    XL:     10   Next: 32%
Magic:  18/18      EV: 10    Int:  5    God:    Okawaru [***...]
Gold:   706        SH: 12    Dex: 12    Spells: 9/9 levels left

rFire    . . .     SeeInvis .   a - +2 war axe
rCold    . . .     Gourm    .   c - +1 shield
rNeg     . . .     Faith    .   R - +0 plate armour
rPois    .         Spirit   .   (helmet restricted)
rElec    .         Reflect  .   J - +0 cloak
rCorr    .         Harm     .   e - +0 pair of gloves
MR       .....                  (no boots)
Stlth    ..........             (no amulet)
HPRegen  0.25/turn              y - ring of magical power
MPRegen  0.16/turn              E - +5 ring of evasion

@: no status effects
A: retaliatory headbutt, horns 2
a: Heroism, Renounce Religion


You were on level 9 of the Dungeon.
You worshipped Okawaru.
Okawaru was most pleased with you.
You were hungry.

You visited 2 branches of the dungeon, and saw 10 of its levels.

You collected 706 gold pieces.

Inventory:

Hand Weapons
 a - a +2 war axe (weapon)
 b - a +4 hunting sling
 i - a +0 shortbow
 B - a +1 rapier of flaming
 D - a +0 morningstar
 Q - a +2 hand axe of electrocution
Missiles
 j - 60 poisoned needles
 l - 179 stones
 m - 155 arrows
 o - 66 sling bullets
 w - 25 bolts
 L - 10 javelins (quivered)
 S - 4 tomahawks
Armour
 c - a +1 shield (worn)
 e - a +0 pair of gloves (worn)
 q - a +1 ring mail of poison resistance
 J - a +0 cloak (worn)
 R - a +0 plate armour (worn)
Jewellery
 y - a ring of magical power (left hand)
 E - a +5 ring of evasion (right hand)
Wands
 n - a wand of digging (9)
 H - a wand of polymorph (24)
 I - a wand of paralysis (24)
 K - a wand of random effects (22)
 N - a wand of flame (34)
 P - a wand of acid (10)
 U - a wand of enslavement (18)
Scrolls
 g - 3 scrolls of identify
 k - a scroll of fog
 r - 4 scrolls of remove curse
 u - 2 scrolls of immolation
 v - 2 scrolls of fear
 F - 2 scrolls of teleportation
 T - a scroll of summoning {unknown}
Potions
 d - 5 potions of might
 h - 2 potions of lignification
 p - 2 potions of mutation
 s - 3 potions of agility
 t - 4 potions of curing
 x - 2 potions of berserk rage
 A - a potion of cancellation
 C - a potion of resistance
 G - a potion of haste
 M - a potion of magic
 O - a potion of brilliance {unknown}
Comestibles
 f - 12 rations


   Skills:
 + Level 9.0 Fighting
 * Level 11.6 Axes
 + Level 9.0 Armour
 + Level 9.0 Shields


You had 9 spell levels left.
You didn't know any spells.
Your spell library contained the following spells:

 Spells                   Type           Power        Failure   Level  Hunger
 Beastly Appendage        Tmut           #.....       100%        1    ##.....
 Summon Small Mammal      Summ           #...         100%        1    ##.....
 Call Imp                 Summ           #.......     100%        2    ###....
 Sticks to Snakes         Tmut           #.......     100%        2    ###....
 Call Canine Familiar     Summ           #.......     100%        3    ####...
 Spider Form              Tmut/Pois      #.........   100%        3    ####...
 Summon Guardian Golem    Hex/Summ       #.......     100%        3    ####...
 Ice Form                 Ice/Tmut       #.......     100%        4    #####..
 Summon Ice Beast         Ice/Summ       #.......     100%        4    #####..
 Summon Lightning Spire   Summ/Air       #.......     100%        4    #####..
 Blade Hands              Tmut           #.........   100%        5    ######.


Dungeon Overview and Level Annotations

Branches:
Dungeon (9/15)             Temple (1/1) D:7
   Lair: D:8-11         Orc: D:9-12

Altars:
Ashenzari
Cheibriados
Elyvilon
Fedhas
Gozag
Hepliaklqana
Makhleb
Nemelex Xobeh
Okawaru
Ru
Sif Muna
Trog
Uskayaw
Wu Jian
Xom


Innate Abilities, Weirdness & Mutations

You reflexively headbutt those who attack you in melee.
You have a pair of horns on your head.


Message History

You headbutt the orc warrior, but do no damage.
You closely miss the orc warrior.
The orc warrior is lightly wounded.
You slash the orc warrior! You hit something. Okawaru accepts your kill.
Okawaru will gift you ammunition as your piety grows.
Reactivating autopickup.
You feel a bit more experienced. You block the orc warrior's attack.
You closely miss the orc warrior. Your headbutt misses the orc warrior.
The orc warrior is lightly wounded.
You hit the orc warrior but do no damage.
The orc warrior hits you with a trident!
* * * LOW HITPOINT WARNING * * *
The orc wizard casts a spell.
The orc wizard seems to speed up.
You hit the orc warrior but do no damage.
The orc warrior is lightly wounded.
You slash the orc warrior!
The orc warrior hits you with a trident!
You die...

#..... #..... #.....
#....# ## #....##8## 8#
#....#...#...
#...))....$..
#....@o......
#...)oo......
#....#...#... #....##.##
# ###....###### #
.............########....
.................<.......
#########################


You could see 2 orc warriors and an orc wizard.

Vanquished Creatures
  Pikel (D:7)
  Psyche (D:8)
  A troll (D:7)
  3 hippogriffs (D:8)
  Eustachio (D:6)
  3 yaks
  Menkaure (D:7)
  4 orc warriors
  3 phantoms
  2 ogres (D:4)
  3 centaurs
  6 bullfrogs
  2 scorpions
  3 howler monkeys
  2 crimson imps
  2 quasits (D:7)
  7 hounds
  6 orc priests
  Crazy Yiuf (D:7)
  5 iguanas
  9 orc wizards
  4 worker ants
  6 gnolls
  A howler monkey skeleton (D:8)
  7 adders
  An adder zombie (D:9)
  3 adder skeletons
  2 worms
  4 dart slugs
  6 leopard geckos
  38 orcs
  10 bats
  7 giant cockroaches
  5 goblins
  4 hobgoblins
  7 jackals (D:1)
  3 quokkas
  5 ball pythons
  8 frilled lizards
  A jackal zombie (D:7)
  7 kobolds
  A leopard gecko skeleton (D:6)
  3 rats
199 creatures vanquished.

Vanquished Creatures (others)
  2 slaves (D:7)
  An ogre (D:7)
  2 gnolls (D:7)
5 creatures vanquished.

Grand Total: 204 creatures vanquished

Notes
Turn   | Place    | Note
-------+----------+-------------------------------------------
     0 | D:1      | Loudmushroom the Minotaur Fighter began the quest for the Orb.
     0 | D:1      | Reached XP level 1. HP: 19/19 MP: 0/0
   119 | D:1      | Reached XP level 2. HP: 19/27 MP: 1/1
   279 | D:1      | Reached skill level 3 in Axes
   635 | D:1      | Reached XP level 3. HP: 33/33 MP: 2/2
  1105 | D:2      | Found a white marble altar of Elyvilon.
  1852 | D:2      | Reached XP level 4. HP: 40/40 MP: 3/3
  1854 | D:3      | Reached skill level 4 in Axes
  2493 | D:4      | Reached XP level 5. HP: 38/47 MP: 4/4
  2498 | D:4      | Reached skill level 5 in Axes
  2594 | D:4      | Noticed an ogre
  2615 | D:4      | Killed an ogre
  2615 | D:4      | Reached XP level 6. HP: 20/55 MP: 5/5
  2838 | D:4      | Reached skill level 5 in Fighting
  2838 | D:4      | Reached skill level 5 in Armour
  2838 | D:4      | Reached skill level 5 in Shields
  2947 | D:4      | Reached skill level 6 in Axes
  3186 | D:4      | Reached XP level 7. HP: 61/61 MP: 6/6
  3553 | D:5      | Entered Level 5 of the Dungeon
  3553 | D:5      | Found a blossoming altar of Fedhas.
  4187 | D:5      | Reached skill level 7 in Axes
  4303 | D:5      | Found a shattered altar of Ashenzari.
  4927 | D:6      | Noticed Eustachio
  4939 | D:6      | Killed Eustachio
  4939 | D:6      | Reached XP level 8. HP: 69/70 MP: 7/7
  5337 | D:6      | Reached skill level 8 in Axes
  5725 | D:7      | Noticed Menkaure
  5730 | D:7      | Killed Menkaure
  5947 | D:7      | Noticed Pikel
  5977 | D:7      | Killed Pikel
  5977 | D:7      | Reached skill level 9 in Axes
  5977 | D:7      | Reached XP level 9. HP: 70/79 MP: 8/8
  5984 | D:7      | Noticed a troll
  6008 | D:7      | Killed a troll
  6139 | D:7      | Found a sacrificial altar of Ru.
  6276 | D:7      | Found a deep blue altar of Sif Muna.
  6754 | D:7      | Found a staircase to the Ecumenical Temple.
  6776 | Temple   | Entered the Ecumenical Temple
  6816 | Temple   | Became a worshipper of Warmaster Okawaru
  6874 | D:7      | Found a runed door.
  6878 | D:7      | Noticed Crazy Yiuf
  6882 | D:7      | Killed Crazy Yiuf
  6920 | D:8      | Found a sparkling altar of Nemelex Xobeh.
  7020 | D:8      | Reached skill level 10 in Axes
  7944 | D:8      | Reached * piety under Okawaru
  8206 | D:8      | Noticed Psyche
  8220 | D:8      | Killed Psyche
  8220 | D:8      | Reached skill level 11 in Axes
  8222 | D:8      | Reached ** piety under Okawaru
  8222 | D:8      | Reached XP level 10. HP: 83/90 MP: 9/9
  8981 | D:8      | Upgraded the game from 0.22.0-16-gc6d26f6 to 0.22.0-18-ge075c0d
  9384 | D:9      | Reached *** piety under Okawaru
  9386 | D:9      | Slain by an orc warrior

Skill      XL: |  1  2  3  4  5  6  7  8  9 10 |
---------------+-------------------------------+-----
Axes           | 3 4 5 6 7 9 11 | 11.6
Fighting       | 4 5 6 7 8 9 |  9.0
Armour         | 4 5 6 7 8 9 |  9.0
Shields        | 4 5 6 7 8 9 |  9.0

Action                   |  1- 3 |  4- 6 |  7- 9 | 10-12 || total
-------------------------+-------+-------+-------+-------++-------
Melee: War axe           |   117 |    84 |   315 |    53 ||   569
       Headbutt          |     6 |    14 |    67 |    13 ||   100
 Fire: Hunting sling     |       |     3 |    19 |       ||    22
  Use: Scroll            |       |       |    27 |     1 ||    28
  Eat: Chunk             |     3 |     4 |    13 |     3 ||    23
       Ration            |       |       |     1 |       ||     1
Armor: Scale mail        |    77 |    12 |       |       ||    89
       Chain mail        |       |    32 |   102 |       ||   134
       Plate armour      |       |       |    36 |    29 ||    65
Dodge: Dodged            |    44 |    26 |    69 |    17 ||   156
Block: Shield            |    73 |    62 |   203 |    59 ||   397
